 Dungeon Crawl Stone Soup version 0.28-a0-514-g0d7ab7f379 (webtiles) character file.

Game seed: 13863722176774675873

27301 heikuro the Severer (level 13, -2/119 HPs)
             Began as a Minotaur Berserker on Sept 22, 2021.
             Was a High Priest of Trog.
             Slain by a tengu warrior (6 damage)
             ... led by a tengu warrior
             ... on level 14 of the Dungeon.
             The game lasted 00:23:23 (17347 turns).

heikuro the Severer (Minotaur Berserker)           Turns: 17347, Time: 00:23:23

Health: -2/119     AC: 17    Str: 26    XL:     13   Next: 3%
Magic:  12/12      EV: 15    Int:  4    God:    Trog [*****.]
Gold:   723        SH:  5    Dex: 11    Spells: 12/12 levels left

rFire   x . .      SeeInvis .   a - +4 battleaxe (freeze)
rCold   . . .      Faith    .   (shield currently unavailable)
rNeg    + + .      Spirit   .   t - +3 ring mail "Tiplekk" {rElec rF- rN++}
rPois   +          Reflect  +   (helmet restricted)
rElec   +          Harm     .   P - +2 cloak {rPois}
rCorr   .          Rampage  .   x - +0 pair of gloves
Will    .....                   Q - +0 pair of boots
Stlth   +.........              M - amulet of reflection
HPRegen 0.29/turn               (no ring)
MPRegen 0.13/turn               (no ring)

@: on berserk cooldown, slowed, very slow
A: horns 2, retaliatory headbutt
a: Renounce Religion, Berserk, Trog's Hand, Brothers in Arms


You were on level 14 of the Dungeon.
You worshipped Trog.
Trog was extremely pleased with you.
You visited 2 branches of the dungeon, and saw 15 of its levels.
You also visited: Ossuary.

You collected 1023 gold pieces.
You spent 300 gold pieces at shops.

Inventory:

Hand Weapons
 a - a +4 battleaxe of freezing (weapon)
Missiles
 c - 49 poisoned darts (quivered)
 h - 7 curare-tipped darts
Armour
 i - a +0 plate armour
 l - a +0 chain mail of fire resistance
 t - the +3 ring mail "Tiplekk" (worn) {rElec rF- rN++}
   (You found it on level 7 of the Dungeon)

   rF:        It makes you vulnerable to fire.
   rElec:     It insulates you from electricity.
   rN:        It greatly protects you from negative energy.
 x - a +0 pair of gloves (worn)
 B - a +0 scale mail of cold resistance
 P - a +2 cloak of poison resistance (worn)
 Q - a +0 pair of boots (worn)
Jewellery
 k - an amulet of guardian spirit
 M - an amulet of reflection (around neck)
Wands
 y - a wand of charming (4)
 z - a wand of iceblast (23)
 E - a wand of flame (16)
 F - a wand of mindburst (34)
 I - a wand of acid (9)
 J - a wand of polymorph (7)
 N - a wand of paralysis (7)
 O - a wand of digging (6)
Scrolls
 b - 4 scrolls of identify
 d - 2 scrolls of acquirement {unknown}
 e - 4 scrolls of teleportation {unknown}
 f - 5 scrolls of fog {unknown}
 g - 4 scrolls of amnesia {unknown}
 m - a scroll of torment {unknown}
 n - 3 scrolls of summoning {unknown}
 q - 3 scrolls of magic mapping {unknown}
 C - 5 scrolls of fear {unknown}
 D - a scroll of blinking {unknown}
 G - 4 scrolls of enchant armour {unknown}
 H - 2 scrolls of noise {unknown}
 K - 2 scrolls of enchant weapon {unknown}
 L - a scroll of vulnerability {unknown}
 R - a scroll of brand weapon {unknown}
Potions
 j - 6 potions of heal wounds
 o - 6 potions of curing
 p - 3 potions of mutation
 r - 2 potions of lignification
 s - 7 potions of invisibility
 u - 2 potions of might
 v - 2 potions of haste
 w - 3 potions of flight
 A - a potion of magic


   Skills:
 + Level 12.4 Fighting
 * Level 16.9 Axes
 + Level 12.2 Armour
 + Level 11.2 Dodging


You had 12 spell levels left.
You didn't know any spells.
Your spell library was empty.

Dungeon Overview and Level Annotations

Branches:
Dungeon (14/15)            Temple (1/1) D:5            Lair (0/6) D:9
    Orc (0/2) D:11        Ossuary (visited)
 Vaults: D:13-14

Altars:
Ashenzari
Cheibriados
Dithmenos
Elyvilon
Fedhas
Gozag
Hepliaklqana
Kikubaaqudgha
Makhleb
Nemelex Xobeh
Okawaru
Qazlal
Ru
Sif Muna
Trog
Uskayaw
Vehumet
Wu Jian
Xom
Yredelemnul
Zin
The Shining One

Shops:
D:6 :   D:13 [

Annotations:
D:7 1 runed translucent door, Cancer's ghost, novice TeCj


Innate Abilities, Weirdness & Mutations

You have a pair of horns on your head.
You reflexively headbutt those who attack you in melee.


Message History

Press: ? - help, Shift-Dir - straight line, f - tengu warrior
Aim: a tengu warrior, wielding a +0 dire flail and wearing a +0 ring mail (43% to hit)
You throw a curare-tipped dart.
The curare-tipped dart hits the tengu warrior.
The tengu warrior is poisoned.
The tengu warrior convulses.
The tengu warrior seems to slow down.
The tengu warrior is lightly wounded.
Throw: 8 darts (curare)
Press: ? - help, Shift-Dir - straight line, f/p - tengu warrior
Aim: a tengu warrior, wielding a +0 dire flail and wearing a +0 ring mail (lightly wounded, very poisoned, slow, 43% to hit)
You throw a curare-tipped dart.
The curare-tipped dart hits the tengu warrior.
The tengu warrior looks as sick as possible!
The tengu warrior convulses.
The tengu warrior seems to be slow for longer.
The tengu warrior is lightly wounded.
You miss the tengu warrior. Your headbutt misses the tengu warrior.
The tengu warrior is moderately wounded.
You hear the faint crackling of a melting archway nearby.
The tengu warrior hits you with a +0 dire flail.
* * * LOW HITPOINT WARNING * * *
The tengu warrior pecks you but does no damage.
The tengu warrior misses you.
You closely miss the tengu warrior. You headbutt the tengu warrior!
The tengu warrior is heavily wounded.
The tengu warrior hits you with a +0 dire flail!
* * * LOW HITPOINT WARNING * * *
The tengu warrior pecks you but does no damage.
The tengu warrior completely misses you.
Unknown command.
You hit the tengu warrior. You freeze the tengu warrior.
The tengu warrior is heavily wounded.
The tengu warrior hits you but does no damage.
The tengu warrior pecks you but does no damage.
The tengu warrior barely misses you.
Unknown command.
You slice the tengu warrior!! You freeze the tengu warrior!
The tengu warrior is almost dead.
The tengu warrior hits you with a +0 dire flail.
You die...

..###### ..#.#..
..#...... ..
#........ ... #...
.... ...####..
........
##...#..##(.......
#......@Q(.......#
##.......#.......#
..........##....#
............>#..#
...[............#
..........).....#
........###)##.##
....#.....)...##
......[........#


You could see a tengu warrior (very poisoned, slow).

Vanquished Creatures
  A yaktaur captain (D:9)
  2 centaur warriors (D:13)
  A catoblepas (D:13)
  2 boulder beetles
  A two-headed ogre (D:9)
  Sonja (D:11)
  A tengu warrior (D:9)
  4 skeletal warriors (D:14)
  A deep elf pyromancer (D:12)
  3 cyclopes
  An ugly thing (D:9)
  3 manticores
  2 gargoyles
  A kobold demonologist (D:11)
  5 yaktaurs (D:13)
  A troll (D:11)
  Grinder (D:6)
  A hornet (D:9)
  9 slime creatures
  A centaur simulacrum (D:14)
  A shadow (D:12)
  A vampire (D:13)
  2 wraiths
  18 yaks
  2 wyverns
  8 vampire mosquitoes
  A steam dragon (D:9)
  Menkaure (D:7)
  4 acid dragons
  3 water moccasins
  Duvessa (D:5)
  6 orc warriors
  A black bear (D:6)
  2 ice beasts
  4 hornet zombies (Ossuary)
  3 ogres
  A necrophage (D:7)
  4 centaurs
  A phantom (D:7)
  3 kobold brigands
  4 bullfrogs
  2 wyvern zombies (Ossuary)
  A gnoll sergeant (D:9)
  A scorpion (D:6)
  A water moccasin zombie (Ossuary)
  Dowan (D:5)
  5 killer bees
  14 wights
  A howler monkey (D:9)
  An electric eel (D:9)
  12 centaur zombies
  4 hounds
  2 jellies (D:7)
  11 bullfrog zombies (Ossuary)
  2 gnoll shamans
  2 orc priests
  2 bullfrog skeletons
  An iguana (D:6)
  5 orc wizards
  3 killer bee zombies
  2 hound skeletons
  11 mummies (Ossuary)
  A howler monkey skeleton (D:4)
  3 gnolls (D:6)
  8 adders
  2 shadow imps
  A white imp (D:6)
  An ufetubus (D:6)
  A dart slug (D:3)
  34 orcs
  8 bats
  8 endoplasms
  5 giant cockroaches
  5 goblins
  5 hobgoblins
  4 jackals (D:2)
  A quokka (D:2)
  3 ball pythons (D:1)
  A frilled lizard (D:3)
  14 kobolds
  2 rats (D:2)
  A bush (D:7)
305 creatures vanquished.

Vanquished Creatures (others)
  7 withered plants (Ossuary)
7 creatures vanquished.

Grand Total: 312 creatures vanquished

Notes
Turn   | Place    | Note
-------+----------+-------------------------------------------
     0 | D:1      | heikuro the Minotaur Berserker began the quest for the Orb.
     0 | D:1      | Reached XP level 1. HP: 19/19 MP: 0/0
   194 | D:1      | You fall into a shaft and drop 1 floor!
   252 | D:2      | Reached XP level 2. HP: 25/27 MP: 1/1
   350 | D:2      | Reached skill level 4 in Axes
   788 | D:1      | Reached XP level 3. HP: 32/33 MP: 2/2
   802 | D:1      | Reached ** piety under Trog
  2169 | D:3      | Reached XP level 4. HP: 40/40 MP: 3/3
  2280 | D:3      | Reached skill level 5 in Axes
  2385 | D:3      | You fall into a shaft and drop 1 floor!
  2485 | D:4      | Noticed an ice beast
  2494 | D:4      | Killed an ice beast
  2495 | D:4      | Reached XP level 5. HP: 47/47 MP: 4/4
  2575 | D:4      | Reached XP level 6. HP: 35/55 MP: 3/5
  2590 | D:4      | Reached skill level 6 in Axes
  2605 | D:4      | Found a sand-covered staircase.
  2610 | Ossuary  | Entered an ossuary
  2628 | Ossuary  | Reached skill level 5 in Fighting
  2672 | Ossuary  | Reached *** piety under Trog
  2686 | Ossuary  | Reached XP level 7. HP: 52/61 MP: 4/6
  2890 | Ossuary  | Reached skill level 7 in Axes
  2912 | Ossuary  | Reached skill level 5 in Armour
  3101 | Ossuary  | Reached XP level 8. HP: 70/70 MP: 7/7
  3102 | Ossuary  | Reached skill level 5 in Dodging
  3171 | Ossuary  | Reached skill level 8 in Axes
  3936 | D:3      | Found an ornate altar of the Wu Jian Council.
  4460 | D:4      | Reached skill level 9 in Axes
  4752 | D:5      | Entered Level 5 of the Dungeon
  4752 | D:5      | Noticed Duvessa
  4752 | D:5      | Noticed Dowan
  4758 | D:5      | Killed Dowan
  4765 | D:5      | Killed Duvessa
  4990 | D:5      | Found a staircase to the Ecumenical Temple.
  5006 | Temple   | Entered the Ecumenical Temple
  5137 | D:5      | Found an opulent altar of Gozag.
  5138 | D:5      | Found a blossoming altar of Fedhas.
  5661 | D:6      | Found Hesmexko's Book Shop.
  5726 | D:6      | Found a burning altar of Makhleb.
  5749 | D:6      | Reached XP level 9. HP: 63/79 MP: 6/8
  5958 | D:6      | Reached **** piety under Trog
  6135 | D:6      | Noticed Grinder
  6142 | D:6      | Killed Grinder
  6212 | D:6      | Found a hide-covered altar of Uskayaw.
  6252 | D:6      | Reached skill level 10 in Axes
  7098 | D:7      | Identified the +0 helmet of the Game of Life {-Tele rC+
                  | rN++ Slay+2}
  7210 | D:7      | Reached ***** piety under Trog
  7212 | D:7      | Reached skill level 11 in Axes
  7269 | D:7      | Noticed Menkaure
  7277 | D:7      | Killed Menkaure
  7380 | D:7      | Found a runed translucent door.
  7380 | D:7      | Noticed Cancer's ghost (novice TeCj)
  7380 | D:7      | Noticed a wizard
  7744 | D:7      | Identified the +3 ring mail "Tiplekk" {rElec rF- rN++}
  7773 | D:7      | Found a snail-covered altar of Cheibriados.
  8252 | D:8      | Reached XP level 10. HP: 80/90 MP: 7/9
  8464 | D:8      | Reached skill level 12 in Axes
  9441 | D:9      | Found an iron altar of Okawaru.
  9926 | D:9      | Noticed a white ugly thing
  9933 | D:9      | Noticed a yaktaur captain
  9939 | D:9      | Killed a white ugly thing
  9940 | D:9      | Reached skill level 13 in Axes
  9942 | D:9      | Killed a yaktaur captain
  9943 | D:9      | Reached XP level 11. HP: 13/99 MP: 1/10
 10380 | D:9      | Noticed a two-headed ogre
 10389 | D:9      | Killed a two-headed ogre
 10389 | D:9      | Received a gift from Trog
 10390 | D:9      | Reached skill level 10 in Fighting
 10713 | D:9      | Noticed a tengu warrior
 10722 | D:9      | Killed a tengu warrior
 10728 | D:9      | Reached skill level 10 in Armour
 10917 | D:9      | Found a staircase to the Lair.
 11489 | D:9      | Reached skill level 14 in Axes
 11713 | D:10     | Entered Level 10 of the Dungeon
 11739 | D:10     | Found a shimmering blue altar of Sif Muna.
 11931 | D:10     | Found a bloodstained altar of Trog.
 12662 | D:10     | Found a shadowy altar of Dithmenos.
 12701 | D:10     | Found a shimmering altar of Xom.
 12717 | D:10     | Found a stormy altar of Qazlal.
 12764 | D:11     | Found a staircase to the Orcish Mines.
 13147 | D:11     | Noticed Sonja
 13162 | D:11     | Killed Sonja
 13168 | D:11     | HP: 5/102 [poisoned by Sonja (curare-tipped dart)]
 13651 | D:11     | Reached skill level 15 in Axes
 14185 | D:11     | Reached skill level 10 in Dodging
 14185 | D:11     | Reached XP level 12. HP: 110/110 MP: 11/11
 16201 | D:13     | Found Nugidoq's Antique Armour Shoppe.
 16210 | D:13     | Bought an embroidered cloak for 300 gold pieces
 16254 | D:13     | Reached skill level 16 in Axes
 17319 | D:14     | Reached XP level 13. HP: 119/119 MP: 12/12
 17345 | D:14     | HP: 3/119 [tengu warrior[a tengu warrior] (7)]
 17347 | D:14     | Slain by a tengu warrior

Illustrated notes

Levels and vault maps discovered:
D:1:      erik_arrival_blinker_ship, layout_loops_ring, minmay_pentomino_z4
D:2:      layout_basic
D:3:      layout_basic, mainiacjoe_overflow_brackets
D:4:      layout_basic, enter_ossuary_2, serial_forest, infiniplex_forest_pool,
          infiniplex_forest_clump_medium, infiniplex_forest_straight_4,
          infiniplex_forest_clump_small, infiniplex_forest_lined_3,
          infiniplex_forest_end_3
D:5:      layout_loops_ring, grunt_temple_overflow_open,
          minmay_temple_entry_sparse_star, uniq_duvessa
D:6:      layout_gridville, nicolae_uskayaw_suspiria, kennysheep_little_box,
          st_stairs_8, nicolae_stop_n_shop_1, kennysheep_generic_room_2,
          uniq_grinder
D:7:      layout_basic, general_overflow_altar, ebering_ghost_inner_flame,
          serial_park_tiny_1, minmay_circle_x, uniq_menkaure
D:8:      layout_loops_corners
D:9:      nzn_winding_woodlands_stair_cross [nzn_winding_woodlands_5x15_zeroes,
          nzn_winding_woodlands_center_lodge, nzn_winding_woodlands_5x15_jagged,
          nzn_winding_woodlands_5x5_open_star,
          nzn_winding_woodlands_5x5_default,
          nzn_winding_woodlands_5x15_longhouse,
          nzn_winding_woodlands_center_diamonds,
          nzn_winding_woodlands_5x15_river_crossing], layout_basic,
          okawaru_ov_weapons_minmay, interstate_on_off
D:10:     layout_long_grid, mainiacjoe_overflow_alcove_1,
          nicolae_overflow_quartered_altars
D:11:     layout_cave_pods, orc_0_dummy, corner_web_ring, uniq_sonja
D:12:     layout_basic
D:13:     layout_cave_pools, serial_shops, nicolae_diamond_shop,
          nrook_mini_vaults, grunt_ministairs_3
D:14:     layout_cave_pools, grunt_vaults_entry_tiered, serial_shops,
          nicolae_shop_window_shopping, nicolae_trove_entry_columns,
          nicolae_ru_path_of_blood, serial_ice, serial_ice_g, serial_ice_i,
          serial_ice_n, serial_ice_c, portal_ice_cave_entry_ice_statue_one
Temple:   eino_temple_lava

Skill      XL: |  1  2  3  4  5  6  7  8  9 10 11 12 |
---------------+-------------------------------------+-----
Axes           | 4 5 6 7 9 11 13 15 16 | 16.9
Fighting       | 4 5 6 7 8 9 11 12 | 12.4
Armour         | 3 4 5 6 8 9 10 12 | 12.2
Dodging        | 3 4 6 7 8 10 11 | 11.2

Action                   |  1- 3 |  4- 6 |  7- 9 | 10-12 | 13-15 || total
-------------------------+-------+-------+-------+-------+-------++-------
Melee: Hand axe          |    68 |    90 |   175 |       |       ||   333
       Headbutt          |    13 |    16 |    96 |    70 |     1 ||   196
       War axe           |       |       |   167 |       |       ||   167
       Battleaxe         |       |       |    17 |   318 |    16 ||   351
Throw: Dart              |       |       |       |     2 |     2 ||     4
Invok: Berserk           |     1 |     4 |    13 |    16 |       ||    34
  Use: Scroll            |       |       |    11 |       |       ||    11
 Stab: Distracted        |       |     1 |       |     1 |       ||     2
Armor: Animal skin       |     3 |       |       |       |       ||     3
       Leather armour    |     4 |       |       |       |       ||     4
       Chain mail        |    16 |       |       |       |       ||    16
       Plate armour      |     6 |    56 |   178 |       |       ||   240
       Ring mail         |       |       |     5 |   122 |     6 ||   133
Dodge: Dodged            |    41 |    40 |   124 |   218 |     7 ||   430
Block: Other             |       |       |       |    39 |     1 ||    40
       Reflection        |       |       |       |     3 |       ||     3

Table legend: (Time is in decaauts)
 A = Elapsed time spent in this place.
 B = Non-inter-level travel time spent in this place.
 C = Inter-level travel time spent in this place.
 D = Time resting spent in this place.
 E = Time spent auto-exploring this place.
 F = Levels seen in this place.
 G = Mean time per level.
                   A        B        C        D        E       F      G
               +--------+--------+--------+--------+--------+-----+--------+
         Total |  17696 |  17103 |    593 |   4479 |   9487 |  16 | 1106.0 |
       Dungeon |  16438 |  15852 |    586 |   3714 |   9376 |  14 | 1174.1 |
        Temple |     74 |     67 |      7 |      0 |     63 |   1 |   74.0 |
       Ossuary |   1183 |   1183 |      0 |    764 |     47 |   1 | 1183.0 |
               +--------+--------+--------+--------+--------+-----+--------+

Top non-repeatable levels by time:
     D:9: 2383 daAuts
    D:11: 1701 daAuts
    D:12: 1542 daAuts
     D:6: 1332 daAuts
    D:13: 1324 daAuts
     D:2: 1286 daAuts
     D:7: 1250 daAuts
     D:8: 1247 daAuts
 Ossuary: 1183 daAuts
    D:10: 1098 daAuts
     D:1: 879 daAuts
     D:4: 848 daAuts
     D:5: 815 daAuts
     D:3: 674 daAuts
  Temple: 74 daAuts
